cohdb
Replays
Latest Replays
All Replays
Popular Replays
Top Player Replays
Match Explorer
How It Works
Community
CoH3 Stats
Reddit
Sign in to upload your games and track your stats! →
Sign in with Steam
Match 44661356
Unlisted
Match 44661356
Overview
Messages
Build Orders
End
Royal Engineer Section
Construct Section Command Post
Dingo Light Scout Car
Royal Engineer Section
Infantry Section
Selects Heavy Armor Battlegroup
Infantry Section
Vickers Machine Gun Team
Construct Platoon Command Post
Selects Engineer Detachments
Unlock M3 Stuart Light Tanks
Construct Field Infirmary
Selects Light Vehicle Withdraw and Refit
M3 Stuart Light Tank
Royal Engineer Section
Selects Forward Repair Assembly
6-pounder Anti-tank Gun Team
Royal Engineer Section
M3 Stuart Light Tank
Infantry Training
只愛❤毛妹
Banzaillamas
0
0
Comments
sign in to comment!
No comments posted yet!